[Event "Team 45 45 League T29"]
[Site "Free Internet Chess Server"]
[Date "2006.01.23"]
[Round "5"]
[White "Niettajean"]
[Black "SuperDiman"]
[Result "0-1"]
[WhiteElo "1545"]
[BlackElo "1414"]
[TimeControl "2700+45"]

1. e4 d5 2. e5 e6 3. d4 c5 4. c3 cxd4 5. cxd4 Nc6 6. Nf3 Bd7 7. Nc3 f6 8. exf6 Qxf6 9. Bg5 Qf7 10. Bd3 Be7 11. O-O h6 12. Be3 Nf6 13. Nb5 O-O 14. Ne5 Nxe5 15. dxe5 Bxb5 16. Bxb5 Ne4 17. Qd3 Nc5 18. Bxc5 Bxc5 19. Qc2 Rac8 20. Qe2 a6 21. Bd3 Bd4 22. Rab1 Qc7 23. Qg4 Qxe5 24. Qg6 Qf6 25. Rbd1 Bxb2 26. Rde1 Qxg6 27. Bxg6 Rf6 28. Bh5 Rc2 29. Bg4 Bd4 30. Bxe6+ Kf8 31. Bxd5 Bxf2+ 32. Rxf2 Rcxf2 33. Bxb7 Rxa2 34. h3 Rb6 35. Bd5 Rab2 36. Ra1 Rb1+ 37. Rxb1 Rxb1+ 38. Kf2 a5 39. Ke2 Rb2+ 40. Kd3 Ke7 41. Kc3 Rb4 42. g3 Kf6 43. Bf3 Ke5 44. Bc6 Kf5 45. Bf3 Rb6 46. Bg4+ Ke4 47. Bd7 Kf3 48. g4 g5 49. Kc4 Kg3 50. Kc5 Rb4 51. Bb5 Kxh3 52. Kb6 Kxg4 53. Kxa5 Rxb5+ 54. Kxb5 h5 55. Kc4 h4 56. Kd3 h3 57. Ke2 h2 58. Kf2 h1=Q 59. Ke2 Qf3+ 60. Kd2 Qe4 61. Kc3 Kf3 62. Kd2 Qe3+ 63. Kc2 Ke2 64. Kb2 Qd3 65. Ka2 Kd2 66. Kb2 Qc3+ 67. Ka2 Qb4 68. Ka1 Kc2 69. Ka2 Qb2#   {White checkmated} 0-1

[Event "Team 45 45 League T29"]
[Site "Free Internet Chess Server"]
[Date "2006.01.20"]
[Round "5"]
[White "KlassAct"]
[Black "MegaSkins"]
[Result "0-1"]
[WhiteElo "1411"]
[BlackElo "1449"]
[TimeControl "2700+45"]

1. e4 e5 2. Nf3 Nc6 3. Bc4 Nf6 4. Nc3 d6 5. d3 g6 6. Bg5 Bg7 7. O-O O-O 8. Qd2 Re8 9. Nd5 Bg4 10. Nh4 Nd4 11. g3 Bf3 12. Rae1 c6 13. Ne3 h6 14. Bxf6 Qxf6 15. c3 g5 16. Nhg2 b5 17. cxd4 bxc4 18. dxe5 Qxe5 19. Nxc4 Qd4 20. Re3 Bxe4 21. dxe4 Qxc4 22. Qxd6 Rad8 23. Qa3 Rd2 24. b3 Qc2 25. Ne1 Qb1 26. Nf3 Rd1 27. Rxd1 Qxd1+ 28. Re1 Qxf3   {White resigns} 0-1

[Event "Team 45 45 League T29"]
[Site "Free Internet Chess Server"]
[Date "2006.01.21"]
[Round "5"]
[White "Galleta"]
[Black "zcomcon"]
[Result "1-0"]
[WhiteElo "1581"]
[BlackElo "1688"]
[TimeControl "2700+45"]

1. b3 d5 2. Bb2 c5 3. e3 e6 4. Nf3 a6 5. g3 Nf6 6. Bg2 Nc6 7. O-O Be7 8. c4 d4 9. exd4 cxd4 10. Na3 e5 11. Re1 O-O 12. Nxe5 Nxe5 13. Rxe5 Re8 14. Qe2 Bb4 15. d3 Rb8 16. Nc2 Bc3 17. Bxc3 dxc3 18. Rxe8+ Nxe8 19. Qe5 Be6 20. Qxc3 b5 21. Qd4 Qc7 22. Ne3 bxc4 23. dxc4 Nf6 24. Rd1 h6 25. Nd5 Nxd5 26. cxd5 Rd8 27. d6 Qc2 28. Qd2 Qc5 29. Bf1 a5 30. Bc4 Bxc4 31. bxc4 Qxc4 32. Qxa5 Rd7 33. Qa8+ Kh7 34. Qe8 Qg4 35. Qe1 Qa4 36. Qd2 g6 37. Qd5 Qa3 38. Qc6 Qf3 39. Qxf3   {Black resigns} 1-0

[Event "Team 45 45 League T29"]
[Site "Free Internet Chess Server"]
[Date "2006.01.22"]
[Round "5"]
[White "thelovegambit"]
[Black "Pieris"]
[Result "0-1"]
[WhiteElo "1616"]
[BlackElo "1612"]
[TimeControl "2700+45"]

1. d4 f5 2. g3 Nf6 3. Bg2 g6 4. Nf3 Bg7 5. O-O d6 6. c4 Nc6 7. Nc3 O-O 8. e3 e5 9. d5 Nb8 10. Qe2 e4 11. Nd4 Na6 12. f3 Nc5 13. b4 exf3 14. Bxf3 Nce4 15. Bb2 Re8 16. Nxe4 Nxe4 17. Bxe4 Rxe4 18. Qf2 Bh6 19. Rae1 Qe8 20. Bc1 Qa4 21. Qb2 a5 22. a3 axb4 23. axb4 Qa2 24. Rf3 Qxc4 25. Bd2 Qxd5 26. Rc1 c6 27. Ra1 Rxa1+ 28. Qxa1 Rxd4 29. Qxd4 Qxf3 30. Qf6 Bxe3+ 31. Bxe3 Qxe3+ 32. Kg2 Bd7   {White resigns} 0-1

[Event "Team 45 45 League T29"]
[Site "Free Internet Chess Server"]
[Date "2006.01.19"]
[Round "5"]
[White "Berke"]
[Black "ahorse"]
[Result "0-1"]
[WhiteElo "1542"]
[BlackElo "1521"]
[TimeControl "2700+45"]

1. d4 Nf6 2. Nc3 d5 3. Bg5 e6 4. f3 c5 5. e3 Nbd7 6. Bb5 Qb6 7. Bxf6 gxf6 8. Nge2 a6 9. Bxd7+ Bxd7 10. Rb1 Bh6 11. Qd2 cxd4 12. Qxd4 Bxe3 13. Qxb6 Bxb6 14. a3 Rg8 15. Ng3 Ke7 16. Nce2 Rac8 17. c3 e5 18. Rd1 Be6 19. f4 Kd6 20. fxe5+ fxe5 21. Rf1 f5 22. Nxf5+ Bxf5 23. Rxf5 Rxg2 24. Rf6+ Kc5 25. b4+ Kb5 26. Rxd5+ Kc4 27. Rxe5 Bc7 28. Re4+ Kb3 29. Rf3 Kxa3 30. c4+ Kxb4 31. c5+ Kxc5 32. Rf5+ Kb6 33. Rh5 Rxh2 34. Rxh2 Bxh2 35. Rh4 Rc1+ 36. Kd2 Rh1 37. Kd3 Ka5 38. Rxh7 b5 39. Rh5 Ka4 40. Nc3+ Ka5 41. Rh6 Kb4 42. Rxa6 Bg1 43. Nd5+ Kc5 44. Nc3 Rh3+ 45. Kc2 b4 46. Ne4+ Kb5 47. Rg6 Bd4 48. Rg5+ Ka4 49. Rg4 b3+ 50. Kb1 Ka3 51. Rg1 Bxg1 52. Nc3 Rxc3 53. Ka1 Rc1#   {White checkmated} 0-1

[Event "Team 45 45 League T29"]
[Site "Free Internet Chess Server"]
[Date "2006.01.19"]
[Round "5"]
[White "SamuraiGoroh"]
[Black "Aul"]
[Result "1-0"]
[WhiteElo "1536"]
[BlackElo "1587"]
[TimeControl "2700+45"]

1. e4 g6 2. d4 d6 3. h3 Bg7 4. Nf3 Nc6 5. Bb5 a6 6. Bxc6+ bxc6 7. c3 Rb8 8. O-O e6 9. Na3 d5 10. e5 h6 11. Nc2 a5 12. Ne3 f5 13. exf6 Nxf6 14. Ne5 Qd6 15. Nxg6 Rg8 16. Ng4 Ne4 17. Bf4 Qd8 18. f3 Nf6 19. N4e5 Rxb2 20. Nxc6 Qd7 21. Nce7 Rh8 22. Nxh8 Qxe7 23. Ng6 Qf7 24. Ne5 Qh5 25. Rb1 Rxa2 26. Qb3 Re2 27. Qb5+ Nd7 28. Qxe2   {Black resigns} 1-0

[Event "Team 45 45 League T29"]
[Site "Free Internet Chess Server"]
[Date "2006.01.22"]
[Round "5"]
[White "RedPimpernel"]
[Black "twotowers"]
[Result "0-1"]
[WhiteElo "1555"]
[BlackElo "1630"]
[TimeControl "2700+45"]

1. d4 Nf6 2. Nc3 g6 3. Bg5 Bg7 4. Nf3 d6 5. g3 Nbd7 6. e4 h6 7. Bxf6 Bxf6 8. a4 c5 9. Bg2 cxd4 10. Nxd4 Qb6 11. Nd5 Qxd4 12. Qxd4 Bxd4 13. Nc7+ Kd8 14. Nxa8 Bxb2 15. Rb1 Bc3+ 16. Ke2 Nc5 17. Rhd1 Bd7 18. e5 Bg4+ 19. f3 Bf5 20. Rd5 Bxe5 21. Rbd1 Kc8 22. f4 Bc3 23. Rxc5+ dxc5 24. Rb1 b6 25. h3 Ba5 26. Kd1 Rd8+ 27. Kc1 Kb8 28. Kb2 Bc8 29. c3 Rd2+ 30. Kb3 Be6+ 31. c4 Rxg2 32. Nxb6 axb6 33. Rd1 Rxg3+ 34. Ka2   {White resigns} 0-1

[Event "Team 45 45 League T29"]
[Site "Free Internet Chess Server"]
[Date "2006.01.21"]
[Round "5"]
[White "TStrobaugh"]
[Black "Lamtarra"]
[Result "1-0"]
[WhiteElo "1503"]
[BlackElo "1579"]
[TimeControl "2700+45"]

1. e4 d6 2. h3 Nf6 3. Nc3 g6 4. Bc4 Bg7 5. Nf3 O-O 6. O-O Nbd7 7. d3 c5 8. Bf4 e5 9. Bg5 Nb6 10. Bb3 Bd7 11. a4 Rb8 12. a5 Na8 13. a6 b6 14. Bd5 Nc7 15. Bb7 Bc8 16. Bc6 Bxa6 17. Nd5 Bb7 18. Rxa7 Ncxd5 19. Bxb7 Qc7 20. exd5 Rxb7 21. Rxb7 Qxb7 22. c4 b5 23. b3 Re8 24. Nd2 Nh5 25. Ne4 Bf8 26. g4 f5 27. gxh5 fxe4 28. dxe4 gxh5 29. Qxh5 Be7 30. Bh6 Qd7 31. Kh2 Bf8 32. Rg1+ Kh8 33. Qg5 Bxh6 34. Qxh6 Rg8 35. Qf6+ Rg7 36. cxb5 Kg8 37. Rxg7+ Qxg7 38. Qd8+ Qf8 39. Qg5+ Kf7 40. b6 Qb8 41. Qf5+ Kg7 42. Qd7+ Kf6 43. Qc7   {Black resigns} 1-0

[Event "Team 45 45 League T29"]
[Site "Free Internet Chess Server"]
[Date "2006.01.23"]
[Round "5"]
[White "byrdman"]
[Black "clarinetref"]
[Result "0-1"]
[WhiteElo "1577"]
[BlackElo "1539"]
[TimeControl "2700+45"]

1. e4 c5 2. Nf3 Nc6 3. d4 cxd4 4. Nxd4 g6 5. Nc3 Bg7 6. Nb3 Nf6 7. Bd3 O-O 8. O-O a6 9. f4 d6 10. f5 Ne5 11. Bg5 d5 12. exd5 Nxd5 13. fxg6 Nxc3 14. bxc3 fxg6 15. Rxf8+ Qxf8 16. Qd2 Nxd3 17. cxd3 Bf5 18. Rf1 Qd8 19. d4 Bf6 20. c4 Rc8 21. Bxf6 exf6 22. Qb4 Qd7 23. Rc1 Bd3 24. a4 Qe6 25. Nc5 Qe3+   {White resigns} 0-1

[Event "Team 45 45 League T29"]
[Site "Free Internet Chess Server"]
[Date "2006.01.23"]
[Round "5"]
[White "oub"]
[Black "chesstalker"]
[Result "1-0"]
[WhiteElo "1365"]
[BlackElo "1412"]
[TimeControl "2700+45"]

1. e4 e5 2. f4 Nc6 3. Nf3 d6 4. f5 Nf6 5. Bc4 Qe7 6. Ng5 Be6 7. fxe6 d5 8. exf7+ Kd7 9. exd5 Nxd5 10. Qg4+ Kd8 11. Ne6+ Kd7 12. Nxf8+ Kd6 13. Nxh7 Rxh7 14. Qg6+ Nf6 15. O-O Rah8 16. Rxf6+ Qxf6 17. Qd3+ Nd4 18. Qa3+ c5 19. Nc3 Nf3+ 20. gxf3 Qg5+ 21. Kf1 Qg2+ 22. Kxg2 Rxh2+ 23. Kf1 Rh1+ 24. Ke2 R8h2+ 25. Kd3 Rh8 26. Ne4+ Kc6 27. Qxc5+ Kd7 28. Bb5+ Ke6 29. f8=N+ Kf7 30. Nd6+ Kxf8 31. Nf5+ Kg8 32. Qxe5 Rg1 33. Bc4+ Kh7 34. Qh2+ Kg6 35. Qxg1+ Kxf5 36. Qg4+ Kf6 37. Qe6+ Kg5 38. b3 Rd8+ 39. Bd5   {Black resigns} 1-0

[Event "Team 45 45 League T29"]
[Site "Free Internet Chess Server"]
[Date "2006.01.21"]
[Round "5"]
[White "Dreadtower"]
[Black "reijo"]
[Result "0-1"]
[WhiteElo "1423"]
[BlackElo "1529"]
[TimeControl "2700+45"]

1. e4 c6 2. d4 d5 3. exd5 cxd5 4. c4 Nf6 5. Nc3 e6 6. Nf3 Be7 7. cxd5 Nxd5 8. Ne5 O-O 9. Bc4 b6 10. Nxd5 exd5 11. Qf3 Bb7 12. a3 Na6 13. Bd2 Nc7 14. Bb4 Rb8 15. Bxe7 Qxe7 16. Bb3 f6 17. Qg3 fxe5 18. dxe5 Ne6 19. O-O Nd4 20. Bd1 Nf5 21. Qh3 Qxe5 22. Bc2 Nd4 23. Qxh7+ Kf7 24. Qg6+ Ke7 25. Bd3 Qf6 26. Rae1+ Kd7 27. Qg4+ Ne6 28. Bb5+ Kd6 29. Qg3+ Qf4 30. Qg6 Rf6 31. Qd3 Qd4 32. Qg3+ Nf4 33. Qg5 Ne6 34. Qg3+ Qf4 35. Qb3 a6 36. Be2 Bc6 37. Bxa6 Nd4 38. Qb4+ Kc7 39. Qe7+ Bd7 40. Qxg7 Rbf8 41. Rc1+ Kd8 42. Rc8+ Bxc8 43. Bxc8 Kxc8 44. Rc1+ Qxc1#   {White checkmated} 0-1

[Event "Team 45 45 League T29"]
[Site "Free Internet Chess Server"]
[Date "2006.01.22"]
[Round "5"]
[White "SandiaF"]
[Black "nasmichael"]
[Result "1-0"]
[WhiteElo "1441"]
[BlackElo "1318"]
[TimeControl "2700+45"]

1. d4 d5 2. Nf3 Nf6 3. e3 e6 4. Bd3 Bd7 5. Nbd2 c5 6. c4 cxd4 7. Nxd4 Bc5 8. N2f3 Qc7 9. Bd2 Nc6 10. Nxc6 bxc6 11. b4 Be7 12. Bc3 c5 13. b5 dxc4 14. Bxc4 Qb6 15. a4 a5 16. bxa6 Rd8 17. Qc2 Nh5 18. O-O Bf6 19. Rab1 Qa7 20. Rb7 Qa8 21. Ba5 Bc6 22. Rc7 Rd7 23. Rxd7 Bxd7 24. Bb5 Bxb5 25. axb5 Be7 26. Ne5 O-O 27. Nc6 Bg5 28. Rd1 Rc8 29. Qxc5 h6 30. Rd7 Rxc6 31. Qxc6   {Black resigns} 1-0

[Event "Team 45 45 League T29"]
[Site "Free Internet Chess Server"]
[Date "2006.01.23"]
[Round "5"]
[White "manyhorses"]
[Black "EyeAm"]
[Result "0-1"]
[WhiteElo "1393"]
[BlackElo "1377"]
[TimeControl "2700+45"]

1. e4 e5 2. d4 exd4 3. Qxd4 Nc6 4. Qe3 Nf6 5. Be2 Bb4+ 6. Bd2 O-O 7. Bxb4 Nxb4 8. Na3 Re8 9. O-O-O Nxa2+ 10. Kb1 Nb4 11. f3 Qe7 12. Rd4 Nc6 13. Rd2 d5 14. Bd3 dxe4 15. fxe4 Nxe4 16. Bxe4 Qxe4 17. Qxe4 Rxe4 18. Nf3 f6 19. Nb5 Re7 20. Rhd1 Bg4 21. Nbd4 Kf7 22. h3 Bxf3 23. Nxf3 Rae8 24. Nh4 g6 25. c3 a5 26. Ka2 b5 27. g3 Re3 28. Rd7+ R8e7 29. Ng2 Rxg3 30. Nf4 Rf3 31. Rxe7+ Nxe7 32. Nd3 Rxh3 33. Nc5 g5 34. Na6 c6 35. Nc7 g4 36. b4 a4 37. Kb2 g3 38. Na6 Rh2+ 39. Ka3 g2 40. Nc5 Nd5 41. Kb2 g1=Q+ 42. Kc1 Qxd1+ 43. Kxd1 Nxc3+ 44. Ke1 a3 45. Kf1 a2 46. Nb3 Rb2 47. Na1 Rb1+ 48. Kf2 Rxa1 49. Ke3 Rb1 50. Kd4 a1=Q 51. Kc5 Qa6 52. Kd6 Rd1+ 53. Kc5 Ne4#   {White checkmated} 0-1

[Event "Team 45 45 League T29"]
[Site "Free Internet Chess Server"]
[Date "2006.01.18"]
[Round "5"]
[White "wekabird"]
[Black "rgadoury"]
[Result "1-0"]
[WhiteElo "1422"]
[BlackElo "1469"]
[TimeControl "2700+45"]

1. c4 e5 2. e4 Nf6 3. d3 Nc6 4. a3 a5 5. Nc3 Nd4 6. Be3 Bc5 7. Bxd4 Bxd4 8. Nf3 d6 9. Nxd4 exd4 10. Ne2 c5 11. g3 Bd7 12. Bg2 Bc6 13. O-O O-O 14. Nf4 Re8 15. Re1 Rb8 16. a4 Bd7 17. h3 Be6 18. Kh2 g6 19. Nxe6 Rxe6 20. f4 Re7 21. e5 dxe5 22. fxe5 Nd7 23. e6 Rxe6 24. Rxe6 fxe6 25. Qg4 Qb6 26. Re1 Nf8 27. Re2 Re8 28. Qf4 Qb3 29. Rf2 Qxa4 30. Qf7+ Kh8 31. Qxb7 Qb4 32. Qc6 Qe1 33. Rf7 Qe2 34. Qxe8   {Black resigns} 1-0

[Event "Team 45 45 League T29"]
[Site "Free Internet Chess Server"]
[Date "2006.01.24"]
[Round "5"]
[White "Kamalleo"]
[Black "fidelian"]
[Result "0-1"]
[WhiteElo "1301"]
[BlackElo "1439"]
[TimeControl "2700+45"]

1. d4 d5 2. c4 Nf6 3. e3 e6 4. Nf3 Be7 5. Nc3 Bb4 6. Bd2 Bxc3 7. Bxc3 O-O 8. Bd3 Ne4 9. O-O Nxc3 10. bxc3 c6 11. Re1 Nd7 12. e4 f6 13. Qc2 c5 14. Rab1 b6 15. Qa4 e5 16. Qc6 Ba6 17. exd5 Re8 18. Qa4 Nb8 19. dxe5 fxe5 20. Nxe5 Qf6 21. Nf3 Re7 22. Qc2 g6 23. Re2 Nd7 24. Rbe1 Rae8 25. Re6 Rxe6 26. dxe6 Rxe6 27. Qd2 Bb7 28. Be2 Nf8 29. Kf1 Rd6 30. Qc1 Ne6 31. Qe3 Bc6 32. Rd1 Rxd1+ 33. Bxd1 Kg7 34. g3 h6 35. Ne5 Be8 36. Qe4 Nd8 37. Qd5 Nf7 38. Ng4 Qxc3 39. Bf3 Qd4 40. Qe6 Bd7 41. Qe2 h5 42. Ne3 Ne5 43. Nc2 Qxc4 44. Qxc4 Nxc4 45. Ke1 a5 46. Be2 Nd6 47. Kd2 Bf5 48. Ne3 b5 49. Kc3 c4 50. Bxc4 bxc4 51. Nxc4 Nxc4 52. Kxc4 Bd7 53. Kb3 a4+ 54. Ka3 Kf6 55. f4 Kf5 56. Kb4 Kg4 57. Kc5 Kh3 58. Kd6 Bf5 59. Ke7 Kxh2 60. Kf7 Kxg3   {White resigns} 0-1

[Event "Team 45 45 League T29"]
[Site "Free Internet Chess Server"]
[Date "2006.01.23"]
[Round "5"]
[White "UIPawn"]
[Black "blkmagic"]
[Result "1-0"]
[WhiteElo "1271"]
[BlackElo "1107"]
[TimeControl "2700+45"]

1. e4 e5 2. Nf3 Nc6 3. d4 exd4 4. Nxd4 Bc5 5. Be3 Qe7 6. c3 Qxe4 7. Qd3 d5 8. Nd2 Qxd3 9. Bxd3 Nf6 10. O-O O-O 11. N2b3 Bxd4 12. cxd4 Nb4 13. Bb1 Be6 14. a3 Nc6 15. Nc5 Bd7 16. Nxb7 Rab8 17. Nc5 Rxb2 18. Bd3 Rfb8 19. Na6 R8b7 20. Bf4 Nxd4 21. Bxc7 R7b3 22. Be5 Rxd3 23. Nc5 Rdd2 24. h3 Bb5 25. Rfe1 Ne2+ 26. Kh2 Nd4 27. Red1 Rxd1 28. Rxd1 Nb3 29. Bxb2 Nxc5 30. Bxf6 gxf6 31. Rxd5 Kg7 32. Rxc5 Be2 33. Ra5   {Black resigns} 1-0

[Event "Team 45 45 League T29"]
[Site "Free Internet Chess Server"]
[Date "2006.01.24"]
[Round "5"]
[White "uiknight"]
[Black "SerhiyFranchuk"]
[Result "1-0"]
[WhiteElo "1965"]
[BlackElo "2039"]
[TimeControl "2700+45"]

1. e4 e5 2. d4 exd4 3. Qxd4 Nc6 4. Qe3 Bb4+ 5. Nc3 Qf6 6. Bd2 Nh6 7. h3 O-O 8. O-O-O Kh8 9. Bc4 a5 10. g4 Ne5 11. Be2 Qe6 12. g5 Ng8 13. f4 Nc4 14. Bxc4 Qxc4 15. Kb1 Ra6 16. Nge2 b5 17. h4 Bb7 18. Rhe1 Bxe4 19. Qxe4 Qxe4 20. Nxe4 Re8 21. Bxb4 Rxe4 22. Bd2 Rd6 23. Nc3 Ree6 24. Rxe6 Rxe6 25. Nxb5 c6 26. f5 Re5 27. Nd6 Re7 28. Re1 h5 29. Rxe7 Nxe7 30. Bxa5 f6 31. g6 Nd5 32. a4 Kg8 33. c3 Kf8 34. Bd8 Ne7 35. a5 c5 36. Bxe7+ Kxe7 37. a6 Kxd6 38. a7 Ke5 39. a8=Q Kxf5 40. Qe8 d5 41. Qf7 Kg4 42. Qxg7 Kxh4 43. Qxf6+ Kh3 44. g7 h4 45. g8=Q d4 46. Qf3+   {Black resigns} 1-0

[Event "Team 45 45 League T29"]
[Site "Free Internet Chess Server"]
[Date "2006.01.25"]
[Round "5"]
[White "javamanissa"]
[Black "MFalme"]
[Result "1-0"]
[WhiteElo "1803"]
[BlackElo "1483"]
[TimeControl "2700+45"]

1. e4 e5 2. Nf3 d6 3. d4 exd4 4. Nxd4 Nf6 5. Nc3 Be7 6. Bc4 c5 7. Nde2 Be6 8. Bb5+ Nbd7 9. Bf4 Qc7 10. O-O a6 11. Bxd7+ Qxd7 12. e5 dxe5 13. Bxe5 O-O 14. Qxd7 Nxd7 15. Bf4 b5 16. Ne4 Rfe8 17. Rad1 Nf6 18. N2g3 Nxe4 19. Nxe4 Bf5 20. Rfe1 Bf8 21. f3 Bxe4 22. fxe4 Re6 23. Kf2 Rae8 24. Kf3 g6 25. c4 f5 26. e5 h6 27. h4 b4 28. Rd7 g5 29. hxg5 hxg5 30. Bxg5 Rxe5 31. Rh1 Re2 32. Bf6 Be7 33. Kxe2 Bxf6+ 34. Kf3 Bxb2 35. Rh5 Re4 36. Rxf5 Rxc4 37. Rff7 Rc1 38. Rfe7 Kf8 39. Ra7 Rd1 40. Rec7 Ke8 41. Rh7 c4 42. Rxa6 c3 43. Rc6 Rd2 44. Rhc7 Ba3 45. Rh6 Rxa2 46. Rh8#   {Black checkmated} 1-0

[Event "Team 45 45 League T29"]
[Site "Free Internet Chess Server"]
[Date "2006.01.20"]
[Round "5"]
[White "ccucina"]
[Black "RomaLavrn"]
[Result "1/2-1/2"]
[WhiteElo "1676"]
[BlackElo "1900"]
[TimeControl "2700+45"]

1. e4 c5 2. Nf3 Nc6 3. d4 cxd4 4. Nxd4 g6 5. Nc3 Bg7 6. Be3 Nf6 7. Nxc6 bxc6 8. e5 Ng8 9. Bd4 f6 10. Qe2 Qc7 11. exf6 Nxf6 12. O-O-O d6 13. Qc4 Qd7 14. Ne4 d5 15. Nxf6+ Bxf6 16. Bxf6 exf6 17. Qb4 Kf7 18. Bd3 a5 19. Qd2 Ba6 20. Bxa6 Rxa6 21. Rhe1 Rb8 22. Qf4 Rab6 23. b3 Rb4 24. Qh6 Kg8 25. a3 Rg4 26. Qh3 f5 27. f3 Rg5 28. Qh4 Rh5 29. Qf4 Rb7 30. h3 Kf7 31. Qe5 g5 32. Rd4 Rh6 33. f4 g4 34. hxg4 fxg4 35. f5 Qe7 36. Qxe7+ Rxe7 37. Rxe7+ Kxe7 38. Rxg4 Kf6 39. Rf4 Kg5 40. g3 Rf6 41. Ra4 Kxf5 42. Rxa5 Kg4 43. Ra7 Kxg3 44. Rxh7 Kf4 45. Kb2 Ke5 46. a4 c5 47. Rh5+ Kd6 48. c4 dxc4 49. bxc4 Rf8 50. a5 Ra8 51. a6 Kc6 52. Rh6+ Kc7 53. Kb3 Rb8+ 54. Kc3 Rb1 55. Rh7+ Kb8 56. Rb7+ Rxb7 57. axb7 Kxb7 58. Kd3 Kc7 59. Ke4 Kd6 60. Kf5 Kd7 61. Ke5 Kc8 62. Kd6 Kd8 63. Kc6 Kc8 64. Kb6 Kb8 65. Kb5 Kb7 66. Ka5 Ka7 67. Kb5 Kb7 68. Kxc5 Kc7 69. Kd5 Kd7 70. Ke5 Kc6 71. Kd4 Kd6 72. c5+ Kc6 73. Kc4 Kc7 74. Kb4 Kc6 75. Kc4 Kc7 76. Kd5 Kd7 77. Ke5 Kc6 78. Kd4 Kc7 79. Kd5 Kd7 80. c6+ Kc7 81. Kc5 Kc8 82. Kb6 Kb8 83. c7+ Kc8 84. Kc6   {Game drawn by stalemate} 1/2-1/2

[Event "Team 45 45 League T29"]
[Site "Free Internet Chess Server"]
[Date "2006.01.20"]
[Round "5"]
[White "phorku"]
[Black "sixkiller"]
[Result "1-0"]
[WhiteElo "1546"]
[BlackElo "1617"]
[TimeControl "2700+45"]

1. e4 c5 2. Bc4 e6 3. d3 Nc6 4. Nc3 a6 5. a3 g6 6. f4 Bg7 7. Nf3 Nge7 8. O-O O-O 9. Bd2 b5 10. Ba2 Bb7 11. Qe1 d5 12. Qh4 Nd4 13. f5 exf5 14. Bh6 Nc8 15. Ng5 Qf6 16. Bxd5 Bxd5 17. Nxd5 Qe5 18. Bxg7 Qxg7 19. Nf6+ Kh8 20. Nfxh7   {Black resigns} 1-0

[Event "Team 45 45 League T29"]
[Site "Free Internet Chess Server"]
[Date "2006.01.21"]
[Round "5"]
[White "sirpicha"]
[Black "Nemisis"]
[Result "0-1"]
[WhiteElo "1893"]
[BlackElo "1925"]
[TimeControl "2700+45"]

1. e4 d6 2. d4 Nf6 3. Nc3 e5 4. dxe5 dxe5 5. Qxd8+ Kxd8 6. Bg5 Bd6 7. O-O-O Ke7 8. Nf3 Bg4 9. h3 Bxf3 10. gxf3 c6 11. Bc4 Bc7 12. Rd2 h6 13. Be3 Nbd7 14. Rhd1 b5 15. Bxf7 Bb6 16. Bb3 Nc5 17. Rg1 Nh5 18. Rg6 Nxb3+ 19. axb3 Rac8 20. Na2 Rhf8 21. Nb4 Rf6 22. Rg1 Rxf3 23. Bxb6 axb6 24. Rgd1 Rf6 25. Rd7+ Ke8 26. Rb7 Rxf2 27. Rxb6 Rf6 28. Rb7 Rd8 29. Rxd8+ Kxd8 30. Kd2 g5 31. Ke3 Nf4 32. c4 bxc4 33. bxc4 Nxh3 34. Nd3 Re6 35. b4 g4 36. Rg7 Ng5 37. Nc5 Rf6 38. b5 cxb5 39. cxb5 g3 40. Rd7+ Kc8 41. Rd1 Rf3+ 42. Ke2 Rc3 43. Nd7 Nf3 44. Nb6+ Kb7 45. Nd5 Nd4+ 46. Kf1 Rc2 47. Ra1 g2+ 48. Kg1 Nf3#   {White checkmated} 0-1

[Event "Team 45 45 League T29"]
[Site "Free Internet Chess Server"]
[Date "2006.01.23"]
[Round "5"]
[White "vibi"]
[Black "deionsandersson"]
[Result "0-1"]
[WhiteElo "1683"]
[BlackElo "1837"]
[TimeControl "2700+45"]

1. d4 Nf6 2. c4 g6 3. Nc3 Bg7 4. e4 d6 5. f3 O-O 6. Be3 Nc6 7. Qd2 e5 8. d5 Nd4 9. Nge2 c5 10. dxc6 Nxe2 11. c7 Qxc7 12. Bxe2 a6 13. Rd1 Rd8 14. O-O Be6 15. b3 Rac8 16. Na4 Qe7 17. Nb6 Rc6 18. a4 Nh5 19. a5 f5 20. exf5 gxf5 21. Bg5 Bf6 22. Bxf6 Qxf6 23. Nd5 Bxd5 24. Qxd5+ Kh8 25. g3 Rg8 26. Kh1 Qh6 27. Bd3 Nxg3+ 28. Kg2 Nxf1+ 29. Kxf1 Qxh2 30. Ke1 Qb2 31. Qe6 Rg1+ 32. Bf1 Qc3+ 33. Ke2 d5 34. Qe8+ Rg8 35. Rd3 Qxd3+   {White resigns} 0-1

[Event "Team 45 45 League T29"]
[Site "Free Internet Chess Server"]
[Date "2006.01.19"]
[Round "5"]
[White "spendius"]
[Black "MStav"]
[Result "1-0"]
[WhiteElo "1732"]
[BlackElo "1680"]
[TimeControl "2700+45"]

1. e4 c5 2. Nf3 e6 3. d4 cxd4 4. Nxd4 Nf6 5. Nc3 d6 6. Bc4 a6 7. Bb3 Be7 8. Be3 O-O 9. f3 Nc6 10. Qd2 Qc7 11. O-O-O Nxd4 12. Bxd4 e5 13. Be3 b5 14. g4 Be6 15. h4 Bxb3 16. axb3 b4 17. Nd5 Nxd5 18. Qxd5 Rfc8 19. Rh2 Rab8 20. h5 Rb5 21. Qd2 Ra5 22. Kb1 Rb5 23. g5 Qd8 24. g6 d5 25. exd5 Rc6   {Black resigns} 1-0

[Event "Team 45 45 League T29"]
[Site "Free Internet Chess Server"]
[Date "2006.01.21"]
[Round "5"]
[White "twinders"]
[Black "Litovec"]
[Result "1/2-1/2"]
[WhiteElo "1740"]
[BlackElo "1738"]
[TimeControl "2700+45"]

1. d4 Nf6 2. c4 g6 3. Nc3 Bg7 4. Nf3 d6 5. Bg5 O-O 6. Qc1 c6 7. Bh6 Qc7 8. Bxg7 Kxg7 9. e3 Bf5 10. Be2 Nbd7 11. O-O Rae8 12. d5 cxd5 13. cxd5 Nb6 14. Qd1 Qc5 15. Nh4 Bd7 16. e4 Rc8 17. a3 e6 18. dxe6 fxe6 19. Nf3 d5 20. exd5 exd5 21. Qd4 Bf5 22. Qxc5 Rxc5 23. Nd4 Ne4 24. Nxe4 dxe4 25. h3 Rd8 26. Rad1 Rcd5 27. Nxf5+ gxf5 28. Rxd5 Rxd5 29. Rd1 Rxd1+ 30. Bxd1 Nc4 31. Bc2 Nxb2 32. g4 Kf6 33. f3 exf3 34. Bxf5 h6 35. Kf2 Nc4 36. a4 Ne5 37. Be4 b6 38. Bxf3 Kg5 39. Bg2 Kf4 40. Bf1 Nd7 41. Bb5 Nc5 42. Bc6 Nd3+ 43. Kg2 Ne5   {Game drawn by mutual agreement} 1/2-1/2

[Event "Team 45 45 League T29"]
[Site "Free Internet Chess Server"]
[Date "2006.01.23"]
[Round "5"]
[White "Maras"]
[Black "Sportsmen"]
[Result "0-1"]
[WhiteElo "2121"]
[BlackElo "2200"]
[TimeControl "2700+45"]

1. d4 f5 2. e4 fxe4 3. Nc3 Nf6 4. Bg5 Nc6 5. f3 d5 6. Bb5 Bf5 7. Bxf6 exf6 8. fxe4 Bxe4 9. Nxe4 dxe4 10. d5 a6 11. dxc6 Qxd1+ 12. Rxd1 axb5 13. cxb7 Rb8 14. Rd4 Rxb7 15. Rxe4+ Kf7 16. Nf3 Ra7 17. O-O Bc5+ 18. Kh1 Rxa2 19. Ne5+ Ke6 20. Nd3+ Kd5 21. Rg4 g6 22. Rh4 Bd6 23. g3 f5 24. Rb4 c6 25. Rd1 Ke6 26. Rd4 Be5 27. Re1 Ra1 28. Rxa1 Bxd4 29. c3 Bf6 30. Nb4 Kd6 31. Ra6 Rc8 32. Kg2 Rc7 33. Kf3 Be7 34. Kf4 Kd7 35. Nd3 Ke6 36. h4 Bd6+ 37. Kf3 Kd5 38. b3 Re7 39. Ra8 c5 40. Rd8 Re4 41. Rh8 c4 42. bxc4+ Rxc4 43. Rxh7 Rxc3 44. Ke2 Bxg3 45. Rg7 Kc4 46. Nb2+ Kb3 47. Nd3 f4 48. Rxg6 f3+ 49. Kd2 f2 50. Rf6 Bxh4 51. Rf5 b4 52. Ke2 Rc2+ 53. Ke3 Kc3 54. Rc5+ Kb3 55. Rf5 Ka4 56. Kd4 b3 57. Nc5+ Rxc5   {White resigns} 0-1

[Event "Team 45 45 League T29"]
[Site "Free Internet Chess Server"]
[Date "2006.01.22"]
[Round "5"]
[White "RussoTuristo"]
[Black "kaliyug"]
[Result "1-0"]
[WhiteElo "2043"]
[BlackElo "1944"]
[TimeControl "2700+45"]

1. c4 e6 2. d4 d5 3. Nf3 c6 4. Qc2 Nf6 5. Bg5 Nbd7 6. Nbd2 Qa5 7. Bxf6 Nxf6 8. g3 Ne4 9. Bg2 Bb4 10. a3 g5 11. Rd1 Bxd2+ 12. Nxd2 Nxd2 13. Rxd2 Bd7 14. c5 O-O-O 15. Qd3 e5 16. b4 Qc7 17. Qf3 Be6 18. Qf6 exd4 19. Qxg5 Rhg8 20. Qf6 a5 21. O-O axb4 22. axb4 Rg6 23. Qxd4 Rg4 24. f4 Rdg8 25. Ra2 Kd7 26. e4 Ke7 27. f5 Bc8 28. f6+ Kd8 29. Ra8 h5 30. Qd3 h4 31. exd5 Qe5 32. dxc6+ Rd4 33. cxb7 Kd7 34. Qb5+ Ke6 35. Qc6+   {Black resigns} 1-0

[Event "Team 45 45 League T29"]
[Site "Free Internet Chess Server"]
[Date "2006.01.28"]
[Round "5"]
[White "lrzal"]
[Black "HotDonut"]
[Result "0-1"]
[WhiteElo "1859"]
[BlackElo "1969"]
[TimeControl "2700+45"]

1. Nf3 d5 2. g3 c5 3. Bg2 Nc6 4. d4 Nf6 5. O-O e6 6. b3 Be7 7. Bb2 O-O 8. Nbd2 Qc7 9. e3 b6 10. dxc5 bxc5 11. c4 Ba6 12. Re1 Nb4 13. Ne5 Rad8 14. a3 Nc6 15. Nxc6 Qxc6 16. Qc2 Qb6 17. cxd5 exd5 18. Rac1 d4 19. exd4 Rd7 20. dxc5 Bxc5 21. Qxc5 Qxc5 22. Rxc5 Rxd2 23. Bxf6 gxf6 24. Rc6 Bb5 25. Rxf6 Rfd8 26. a4 Rd1 27. axb5 Rxe1+ 28. Bf1 Rdd1   {White resigns} 0-1